 Dungeon Crawl Stone Soup version 0.32-a0-132-g2d33c3cfaf (webtiles) character file.

Game seed: 16902381942905663227

12405 hikkokomori the Grappler (level 11, -4/105 HPs)
             Began as a Troll Fighter on Feb 9, 2024.
             Was a High Priest of Okawaru.
             Slain by a one-headed hydra simulacrum (9 damage)
             ... in an ice cave.
             The game lasted 00:23:33 (8867 turns).

hikkokomori the Grappler (Troll Fighter)            Turns: 8867, Time: 00:23:33

Health: -4/105     AC:  5    Str: 26    XL:     11   Next: 62%
Magic:  11/12      EV: 10    Int:  4    God:    Okawaru [*****.]
Gold:   2169       SH: 14    Dex: 13    Spells: 10/10 levels left

rFire   x .          .
                       - Unarmed
rCold   + . .        b - +0 kite shield
rNeg    . . .        a - +0 robe
rPois   .            (helmet restricted)
rElec   .            d - +0 cloak
rCorr   +            (gloves unavailable)
SInv    .            (boots unavailable)
Will    .....        f - amulet of reflection
Stlth   ++           e - ring of ice
HPRegen 1.17/turn    x - ring of resist corrosion
MPRegen 0.13/turn

%: reflection
@: mighty
A: large, unfitting armour, claws 3, regeneration 1, shaggy fur 1, tough skin 1
a: Renounce Religion, Heroism, Finesse, Duel


You were in an ice cave.
You worshipped Okawaru.
Okawaru was extremely pleased with you.
You visited 2 branches of the dungeon, and saw 12 of its levels.
You also visited: Ice Cave.

You collected 2318 gold pieces.
You spent 149 gold pieces at shops.

Inventory:

Hand Weapons
 F - the +7 quarterstaff of Symmetry {flame, rPois rF+++ Str-4 Int-4}
   (You found it on level 7 of the Dungeon)

   Str-4:     It affects your strength (-4).
   Int-4:     It affects your intelligence (-4).
   rF+++:     It renders you almost immune to fire.
   rPois:     It protects you from poison
Missiles
 j - 6 darts of dispersal
 l - 13 boomerangs (quivered)
 p - 11 poisoned darts
 v - 11 curare-tipped darts
 z - 2 throwing nets
 P - 5 atropa-tipped darts
Armour
 a - a +0 robe (worn)
 b - a +0 kite shield (worn)
 d - a +0 cloak (worn)
Jewellery
 e - a ring of ice (left claw)
 f - an amulet of reflection (around neck)
 x - a ring of resist corrosion (right claw)
 C - a ring of poison resistance
 H - a ring of poison resistance
 I - a ring of ice
 J - the ring of Lihaeci {rPois rC- Will+ Dex+2}
   (You found it on level 7 of the Dungeon)

   [ring of willpower]

   Dex+2:     It affects your dexterity (+2).
   rC-:       It makes you vulnerable to cold.
   rPois:     It protects you from poison Will+: It increases your willpower.
Talismans
 O - a beast talisman
Wands
 i - a wand of charming (17)
 s - a wand of flame (24)
 A - a wand of iceblast (19)
 L - a wand of acid (2)
 M - a wand of mindburst (5)
 N - a wand of polymorph (5)
Scrolls
 g - 5 scrolls of teleportation
 m - 3 scrolls of butterflies
 o - 2 scrolls of amnesia
 u - a scroll of immolation
 y - a scroll of noise
 E - 2 scrolls of vulnerability
 G - a scroll of fear
Potions
 c - 3 potions of might
 h - 3 potions of attraction
 k - a potion of invisibility
 q - 4 potions of mutation
 t - 2 potions of haste
 w - 2 potions of enlightenment
 B - 2 potions of degeneration
 D - a potion of cancellation


   Skills:
 - Level 6.0 Fighting
 + Level 7.4 Throwing
 - Level 3.3 Armour
 - Level 4.0 Dodging
 - Level 2.0 Stealth
 - Level 5.0 Shields
 + Level 12.3 Unarmed Combat
 + Level 2.7 Invocations
 - Level 3.0 Evocations


You had 10 spell levels left.
You didn't know any spells.
Your spell library contained the following spells:

 Spells                   Type           Power      Damage    Failure   Level
 Ensorcelled Hibernation  Hex/Ice        0%         N/A       86%         2
 Passwall                 Erth           0%         N/A       97%         3
 Swiftness                Air            0%         N/A       97%         3
 Volatile Blastmotes      Fire/Tloc      0%         2d10      97%         3
 Fulminant Prism          Conj/Alch      0%         3d5       100%        4
 Iskenderun's Mystic Bla  Conj/Tloc      0%         2d3       100%        4


Dungeon Overview and Level Annotations

Branches:
Dungeon (11/15)            Temple (1/1) D:7            Lair (0/5) D:8
  IceCv (1/1)
    Orc: D:9-12

Altars:
Ashenzari
Cheibriados
Dithmenos
Elyvilon
Fedhas
Gozag
Hepliaklqana
Kikubaaqudgha
Makhleb
Nemelex Xobeh
Okawaru
Qazlal
Ru
Sif Muna
Trog
Uskayaw
Vehumet
Wu Jian
Xom
Yredelemnul
Zin
The Shining One
Lugonu

Shops:
D:4 (   D:7 :=??


Innate Abilities, Weirdness & Mutations

You are too large for most types of armour.
You have claws for hands.
Your natural rate of healing is unusually fast.
You are covered in fur. (AC +1)
You have tough skin. (AC +1)


Message History

A naga simulacrum comes into view.
Unknown command.
You eviscerate the reaper!!!
The reaper is almost dead.
The three-headed hydra simulacrum bites you.
* * * LOW HITPOINT WARNING * * *
The three-headed hydra simulacrum freezes you!
You resist.
* * * LOW HITPOINT WARNING * * *
The three-headed hydra simulacrum closely misses you.
You block the three-headed hydra simulacrum's attack.
You block the reaper's attack.
Unknown command.
Press: ? - help, v - describe, . - travel
Here: a reaper, wielding a -4 scythe of freezing (almost dead)
The floor.
Unknown command.
Okay, then.
You mangle the reaper!!
You kill the reaper!
Okawaru is honoured by your kill.
You can now enter into single combat with a foe.
Okawaru will now gift you throwing weapons as you gain piety.
You block the three-headed hydra simulacrum's attack. x3
Unknown command.
You tear one of the three-headed hydra simulacrum's heads off!
You claw the two-headed hydra simulacrum!
The two-headed hydra simulacrum is moderately damaged.
You block the two-headed hydra simulacrum's attack. x2
Unknown command.
You tear one of the two-headed hydra simulacrum's heads off!
You claw the one-headed hydra simulacrum!
The one-headed hydra simulacrum is heavily damaged.
Unknown command.
The one-headed hydra simulacrum attacks as it pursues you!
The one-headed hydra simulacrum bites you.
* * * LOW HITPOINT WARNING * * *
The one-headed hydra simulacrum freezes you!
You resist.
You die...

. ##......######~.#..
#.. ##.....##..##~~##.#.
#...#....######~~~####..
#....###≈≈≈≈≈~~####...
#######..##≈≈≈≈≈≈≈##..##
#..# ##.####≈≈≈≈≈≈≈##..#
#..#.#.#≈≈≈≈≈≈≈≈≈###..
#...###≈≈≈≈≈≈≈≈#..##
###@ZZ##≈≈≈≈≈≈##...#
###(.###≈≈≈##..### ##Z.#
###.## ..## ###.. ..##
#.... ..# ≈≈≈≈.##. 5.#
≈≈≈≈≈# ##


.ZZ ≈≈≈≈≈ ZZ2 .≈≈≈ You could see an one-headed hydra simulacrum, a naga
simulacrum and a two-headed ogre simulacrum.

Vanquished Creatures
  A reaper (IceCv)
  Erica (D:10)
  2 two-headed ogres
  Pikel (D:9)
  The ghost of Dittersdorf the Covered, a novice GrFi of Gozag (D:6)
  A gargoyle (D:11)
  3 kobold demonologists (D:10)
  An anaconda simulacrum (IceCv)
  A troll (D:11)
  A spriggan (shapeshifter) (D:10)
  A wyvern (D:9)
  A dire elephant simulacrum (IceCv)
  7 yaks (D:11)
  The ghost of Ceno the Cudgeller, an amateur AtWr of Ru (D:5)
  2 death yak simulacra (IceCv)
  A warg (D:8)
  3 vampire mosquitoes (D:11)
  A steam dragon (D:9)
  A hydra simulacrum (IceCv)
  3 water moccasins
  3 ice beasts
  2 orc warriors
  An ogre (D:7)
  2 wolves (D:8)
  2 lemures (D:9)
  5 centaurs
  A kobold brigand (D:5)
  3 bullfrogs
  2 scorpions (D:5)
  2 cane toad simulacra (IceCv)
  3 two-headed ogre simulacra (IceCv)
  3 wights (D:8)
  2 elephant simulacra (IceCv)
  9 killer bees
  4 howler monkeys
  A bombardier beetle (D:5)
  8 orc priests
  5 gnoll boudas
  6 hounds
  A jelly (D:5)
  2 iguanas (D:6)
  11 orc wizards
  A polar bear simulacrum (IceCv)
  5 spriggan simulacra (IceCv)
  2 wolf simulacra (IceCv)
  4 troll simulacra (IceCv)
  13 gnolls
  7 adders
  2 naga simulacra (IceCv)
  A shadow imp (D:6)
  21 white imps
  9 ufetubi
  A ribbon worm (D:3)
  A dart slug (D:2)
  33 orcs
  7 bats
  2 endoplasms
  A giant cockroach (D:3)
  4 goblins
  6 hobgoblins
  8 kobolds
  3 quokkas
  9 ball pythons
  5 frilled lizards
  A rat (D:1)
258 creatures vanquished.

Vanquished Creatures (collateral kills)
  2 orcs (D:4)
2 creatures vanquished.

Vanquished Creatures (others)
  Maurice (D:9)
  A hound (D:5)
  A jelly (D:6)
  2 gnolls (D:9)
  2 ufetubi (IceCv)
7 creatures vanquished.

Grand Total: 267 creatures vanquished

Notes
Turn   | Place    | Note
-------+----------+-------------------------------------------
     0 | D:1      | hikkokomori the Troll Fighter began the quest for the Orb.
     0 | D:1      | Reached XP level 1. HP: 22/22 MP: 0/0
   257 | D:1      | Reached XP level 2. HP: 29/29 MP: 1/1
   574 | D:1      | Reached skill level 3 in Unarmed Combat
   923 | D:2      | Reached XP level 3. HP: 35/36 MP: 2/2
  1032 | D:2      | Reached skill level 4 in Unarmed Combat
  1589 | D:3      | Reached XP level 4. HP: 44/44 MP: 3/3
  1657 | D:3      | Reached skill level 1 in Throwing
  1751 | D:3      | Reached skill level 1 in Stealth
  1751 | D:3      | Reached XP level 5. HP: 50/50 MP: 4/4
  2130 | D:4      | Identified the +0 pair of boots "Iptuotuv" {Int+4}
  2219 | D:4      | Found Allau's Antique Weapon Emporium.
  2220 | D:4      | Found an opulent altar of Gozag.
  2961 | D:5      | Entered Level 5 of the Dungeon
  3082 | D:5      | Reached XP level 6. HP: 59/59 MP: 5/5
  3108 | D:5      | Noticed an ice beast
  3119 | D:5      | Killed an ice beast
  3120 | D:5      | Reached skill level 5 in Unarmed Combat
  3243 | D:5      | Reached XP level 7. HP: 67/67 MP: 6/6
  3249 | D:5      | Found a runed translucent gate.
  3315 | D:5      | Found a runed translucent gate.
  3315 | D:5      | Found a runed translucent gate.
  3317 | D:5      | Noticed Ceno's ghost (amateur AtWr)
  3640 | D:5      | Reached skill level 6 in Unarmed Combat
  3938 | D:6      | Found a runed translucent door.
  4026 | D:6      | Noticed Dittersdorf's ghost (novice GrFi)
  4049 | D:6      | Reached XP level 8. HP: 61/78 MP: 7/7
  4068 | D:6      | Reached skill level 5 in Shields
  4448 | D:7      | Reached skill level 7 in Unarmed Combat
  4464 | D:7      | Found a shimmering altar of Xom.
  4483 | D:7      | Found Qeniq's Book Shoppe.
  4494 | D:7      | Reached skill level 8 in Unarmed Combat
  4597 | D:7      | Found Orri's Jewellery Emporium.
  4604 | D:7      | Identified the +7 quarterstaff of Symmetry {flame, rPois
                  | rF+++ Str-4 Int-4}
  4637 | D:7      | Found Ofohas's Magic Scroll Boutique.
  4718 | D:7      | Found Weurewka's Magic Scroll Boutique.
  4725 | D:7      | Bought a scroll of fear for 52 gold pieces
  4725 | D:7      | Bought a scroll of blinking for 97 gold pieces
  4842 | D:7      | Found a staircase to the Ecumenical Temple.
  4851 | Temple   | Entered the Ecumenical Temple
  4854 | Temple   | Identified 2 scrolls of acquirement
  4854 | Temple   | Acquired 907 gold pieces
  4874 | D:7      | Identified the ring of Lihaeci {rPois rC- Will+ Dex+2}
  5012 | D:8      | Found a shimmering blue altar of Sif Muna.
  5043 | D:8      | Reached XP level 9. HP: 59/84 MP: 8/8
  5048 | D:8      | Reached skill level 1 in Armour
  5048 | D:8      | Reached skill level 9 in Unarmed Combat
  5208 | D:8      | Found a staircase to the Lair.
  5875 | D:9      | Found an iron altar of Okawaru.
  5884 | D:9      | Acquired 829 gold pieces
  5886 | D:9      | Became a worshipper of Warmaster Okawaru
  5918 | D:9      | Noticed a two-headed ogre
  5942 | D:9      | Killed a two-headed ogre
  5942 | D:9      | Reached * piety under Okawaru
  5943 | D:9      | Reached skill level 10 in Unarmed Combat
  5943 | D:9      | Reached skill level 1 in Evocations
  5959 | D:9      | Noticed Pikel
  5973 | D:9      | Killed Pikel
  6021 | D:9      | Reached XP level 10. HP: 80/94 MP: 9/9
  6059 | D:9      | Noticed Maurice
  6069 | D:9      | Something stole 14 boomerangs
  6071 | D:9      | Reached ** piety under Okawaru
  6078 | D:9      | Reached skill level 5 in Fighting
  6092 | D:9      | Something stole 424 gold
  6093 | D:9      | Killed Maurice
  6664 | D:6      | Killed Dittersdorf's ghost
  6718 | D:5      | Killed Ceno's ghost
  6817 | D:10     | Entered Level 10 of the Dungeon
  6984 | D:10     | Noticed a fire crab
  6995 | D:10     | a fire crab changed into a spriggan
  7201 | D:10     | Found a radiant altar of Vehumet.
  7202 | D:10     | Found a shadowy altar of Dithmenos.
  7356 | D:10     | Noticed Erica
  7365 | D:10     | Killed Erica
  7365 | D:10     | Reached *** piety under Okawaru
  7366 | D:10     | Reached skill level 5 in Throwing
  7366 | D:10     | Reached skill level 11 in Unarmed Combat
  7577 | D:10     | Found a corrupted altar of Lugonu.
  7834 | D:11     | Reached XP level 11. HP: 96/105 MP: 11/11
  7848 | D:11     | Noticed a two-headed ogre
  7858 | D:11     | Killed a two-headed ogre
  8074 | D:11     | Reached **** piety under Okawaru
  8138 | D:11     | Found a frozen archway.
  8148 | IceCv    | Entered an ice cave
  8324 | IceCv    | Reached skill level 12 in Unarmed Combat
  8362 | IceCv    | Reached ***** piety under Okawaru
  8839 | IceCv    | Noticed a reaper
  8864 | IceCv    | Killed a reaper
  8867 | IceCv    | HP: 5/105 [one-headed hydra simulacrum (6)]
  8867 | IceCv    | Slain by a one-headed hydra simulacrum

Illustrated notes

Levels and vault maps discovered:
D:1:      eino_arrival_cavern_e, layout_basic, corner_web_ring
D:2:      layout_basic
D:3:      layout_loops_ring
D:4:      layout_layer_cave, nicolae_gozag_seed_capital, serial_shops,
          nicolae_shop_stone
D:5:      minmay_evil_eye, layout_basic, gammafunk_ghost_nasty_kobolds
D:6:      layout_rooms, gammafunk_ghost_grave, chequers_serial_rivers_small_a,
          minmay_hedge_maze
D:7:      layout_gridville, mainiacjoe_overflow_six_doors_small,
          minmay_temple_entry_grid, serial_shops, shop, shop,
          nicolae_shop_statue_plus, shop
D:8:      layout_loops_ring, nicolae_sif_muna_condensation,
          erik_lair_orcish_takeover, eino_curves_03
D:9:      layout_cave_pools, okawaru_gym_becter, uniq_pikel, uniq_maurice
D:10:     kennysheep_kobold_lugonu_temple, layout_long_grid,
          nicolae_overflow_squiral, uniq_erica
D:11:     layout_roguey [special_room_kobold], orc_0_dummy,
          portal_ice_cave_entry_imps
Temple:   nicolae_temple_superstar
IceCv:    ice_cave_caverns_02

Skill      XL: |  1  2  3  4  5  6  7  8  9 10 11 |
---------------+----------------------------------+-----
Unarmed Combat | 3 4 5 6 8 10 11 12 | 12.3
Throwing       | 1 2 3 5 7 |  7.4
Stealth        | 1 2 |  2.0
Fighting       | 3 4 6 |  6.0
Shields        | 4 5 |  5.0
Armour         | 3 |  3.3
Dodging        | 4 |  4.0
Evocations     | 2 3 |  3.0
Invocations    | 2 |  2.7

Action                     |  1- 3 |  4- 6 |  7- 9 | 10-12 || total
---------------------------+-------+-------+-------+-------++-------
  Melee: Unarmed           |    71 |   145 |   237 |   315 ||   768
  Throw: Boomerang         |       |       |     2 |    51 ||    53
         Dart              |       |       |     6 |    22 ||    28
         Throwing net      |       |       |       |     1 ||     1
 Invoke: Heroism           |       |       |       |     5 ||     5
  Evoke: Wand              |       |     3 |     2 |     3 ||     8
    Use: Scroll            |     4 |       |     9 |     8 ||    21
         Potion            |       |       |       |     4 ||     4
   Stab: Sleeping          |     1 |     2 |     1 |       ||     4
         Held in net/web   |       |     1 |       |     1 ||     2
 Armour: Robe              |    23 |    49 |   106 |   184 ||   362
  Dodge: Dodged            |    11 |    29 |    37 |    91 ||   168
  Block: Kite shield       |    35 |   104 |   152 |   246 ||   537
         Reflection        |       |     2 |     3 |     7 ||    12

Table legend: (Time is in decaauts)
 A = Elapsed time spent in this place.
 B = Non-inter-level travel time spent in this place.
 C = Inter-level travel time spent in this place.
 D = Time resting spent in this place.
 E = Time spent auto-exploring this place.
 F = Levels seen in this place.
 G = Mean time per level.
                   A        B        C        D        E       F      G
               +--------+--------+--------+--------+--------+-----+--------+
         Total |   8813 |   8336 |    477 |    493 |   6064 |  13 |  677.9 |
       Dungeon |   8100 |   7624 |    476 |    160 |   5870 |  11 |  736.4 |
        Temple |      5 |      5 |      0 |      0 |      0 |   1 |    5.0 |
      Ice Cave |    707 |    707 |      0 |    333 |    194 |   1 |  707.0 |
               +--------+--------+--------+--------+--------+-----+--------+

Top non-repeatable levels by time:
     D:8: 990 daAuts
     D:5: 989 daAuts
    D:10: 943 daAuts
     D:4: 863 daAuts
     D:1: 782 daAuts
     D:2: 768 daAuts
   IceCv: 707 daAuts
     D:9: 690 daAuts
     D:7: 589 daAuts
     D:6: 562 daAuts
     D:3: 553 daAuts
    D:11: 366 daAuts
  Temple: 5 daAuts
